 Dungeon Crawl Stone Soup version 0.25-a0-341-g6f074c8 (webtiles) character file.

Game seed: 16516980090399537119, levelgen mode: deterministic

3010 Firecrotchwizard the Arsonist (level 9, -2/50 HPs)
             Began as a Tengu Fire Elementalist on Dec 30, 2019.
             Was an Elder of Okawaru.
             Slain by an orc priest
             ... wielding a +0 club
              (5 damage)
             ... on level 8 of the Dungeon.
             The game lasted 00:17:43 (8189 turns).

Firecrotchwizard the Arsonist (TeFE)                Turns: 8189, Time: 00:17:44

Health: -2/50      AC: 13    Str:  8    XL:     9   Next: 84%
Magic:  7/19       EV: 17    Int: 19    God:    Okawaru [****..]
Gold:   273        SH:  0    Dex: 15    Spells: 7/20 levels left

rFire    . . .     SeeInvis .   e - +5 spear (protect)
rCold    . . .     Gourm    .   (no shield)
rNeg     + . .     Faith    .   a - +0 robe
rPois    .         Spirit   .   (helmet restricted)
rElec    .         Reflect  .   d - +2 cloak
rCorr    .         Harm     .   r - +0 pair of gloves
MR       .....                  (boots unavailable)
Stlth    ++........             (no amulet)
HPRegen  0.16/turn              g - ring of positive energy {rN+}
MPRegen  0.16/turn              (no ring)

@: protection aura, flying quickly and evasively, very slightly contaminated,
quick
A: beak, talons 3, able to fly
a: Stop Flying, Heroism, Renounce Religion


You were on level 8 of the Dungeon.
You worshipped Okawaru.
Okawaru was greatly pleased with you.
You were hungry.

You visited 1 branch of the dungeon, and saw 8 of its levels.

You collected 273 gold pieces.

Inventory:

Hand Weapons
 b - a +0 short sword
   (You found it on level 1 of the Dungeon)
 e - a +5 spear of protection (weapon)
   (You found it on level 1 of the Dungeon)
 i - a +0 dagger
   (You took it off a kobold on level 1 of the Dungeon)
Missiles
 n - 4 throwing nets {=f, !d}
Armour
 a - a +0 robe (worn)
 d - a +2 cloak (worn)
   (You found it on level 4 of the Dungeon)
 r - a +0 pair of gloves (worn)
   (You found it on level 7 of the Dungeon)
 s - the +0 scale mail of Wyon {rN+ Int+4}
   (You found it on level 7 of the Dungeon)

   It affects your intelligence (+4).
   It protects you from negative energy.
Jewellery
 g - a ring of positive energy (left hand) {rN+}
   (You found it on level 1 of the Dungeon)
Wands
 q - a wand of enslavement (7)
   (You found it on level 4 of the Dungeon)
Scrolls
 j - 2 scrolls of identify
 l - a scroll of enchant armour
 u - a scroll of magic mapping {!r}
 w - a scroll of enchant weapon
Potions
 f - 4 potions of heal wounds {unknown}
 h - a potion of magic {unknown}
 k - 2 potions of flight {unknown}
 m - a potion of invisibility {unknown}
 o - 2 potions of brilliance {unknown}
 p - a potion of might {unknown}
 v - a potion of ambrosia {unknown}
Comestibles
 c - 14 rations
 t - 2 chunks of flesh {@w0}


   Skills:
 + Level 3.1 Fighting
 + Level 3.1 Polearms
 + Level 4.3 Dodging
 - Level 2.0 Stealth
 - Level 6.0 Spellcasting
 - Level 8.9 Conjurations
 - Level 9.0 Fire Magic


You had 7 spell levels left.
You knew the following spells:

 Your Spells              Type           Power        Failure   Level  Hunger
a - Foxfire               Conj/Fire      ####         1%          1    None
c - Conjure Flame         Conj/Fire      #####...     1%          3    ##.....
f - Fireball              Conj/Fire      #####.....   8%          5    #####..
s - Sticky Flame          Conj/Fire      #####...     2%          4    ####...

Your spell library contained the following spells:

 Spells                   Type           Power        Failure   Level  Hunger
 Inner Flame              Hex/Fire       ###.....     5%          3    ##.....
 Animate Skeleton         Necr           N/A          11%         1    None
 Apportation              Tloc           #.....       11%         1    None
 Confusing Touch          Hex            #.....       11%         1    None
 Summon Small Mammal      Summ           #...         11%         1    None
 Confuse                  Hex            #.......     32%         3    ##.....
 Gell's Gravitas          Tloc           #.........   32%         3    ##.....
 Petrify                  Tmut/Erth      #.......     73%         4    ####...
 Metabolic Englaciation   Hex/Ice        #.........   97%         5    #####..
 Yara's Violent Unravell  Hex/Tmut       #.........   97%         5    #####..


Dungeon Overview and Level Annotations

Branches:
Dungeon (8/15)             Temple (0/1) D:7
   Lair: D:8-11

Altars:
Dithmenos
Hepliaklqana
Kikubaaqudgha
Okawaru
Trog
Uskayaw
Vehumet
Xom

Annotations:
D:5 1 runed translucent door, Plaidstone's ghost, novice TrMo


Innate Abilities, Weirdness & Mutations

You have a beak for a mouth.
You have claws for feet.
You can fly continuously.


Message History

Okawaru accepts your kill.
Your Fighting skill increases to level 3!
You conjure some foxfire!
The orc warrior closely misses you.
You now have 16/19 mp.
The foxfire hits the orc warrior but does no damage.
The orc priest looks satisfied for a moment.
You conjure some foxfire!
The foxfire hits the orc.
You now have 16/19 mp.
The orc priest miscasts a cantrip.
You conjure some foxfire!
You now have 15/19 mp.
The foxfire hits the orc warrior.
The orc priest looks braver for a moment.
You don't know that spell.
You conjure some foxfire!
The orc warrior closely misses you.
The orc warrior completely misses your foxfire.
The orc warrior hits your foxfire with a +0 battleaxe!
You now have 14/19 mp.
The foxfire hits the orc warrior but does no damage.
The foxfire hits the orc warrior.
Unknown command.
Okay, then.
Aim: an orc warrior, wielding a +0 battleaxe and wearing a +0 plate armour (moderately wounded)
You miscast Sticky Flame.
You are very lightly contaminated with residual magic.
Heat runs through your body.
You are feeling hungry.
The orc warrior closely misses you.
You now have 11/19 mp.
The orc priest invokes the aid of Beogh against you.
Beogh smites you!
You take 11 damage, and have 31/50 hp.
MASSIVE DAMAGE!!
You conjure some foxfire!
The orc priest calls upon Beogh to heal something.
The foxfire hits the orc warrior but does no damage.
You now have 10/19 mp.
The orc priest begins to cast a cantrip, but forgets the words!
You conjure some foxfire!
The foxfire hits the orc warrior.
You now have 9/19 mp.
Aim: an orc warrior, wielding a +0 battleaxe and wearing a +0 plate armour (moderately wounded)
The sticky flame hits the orc warrior.
The orc warrior is covered in liquid flames!
The orc warrior burns!
You now have 6/19 mp.
Okay, then.
You hit the orc warrior.
Your weapon exudes an aura of protection.
Your kick misses the orc warrior. Your peck misses the orc warrior.
The orc warrior burns!
You kill the orc warrior!
Okawaru accepts your kill.
Your Polearms skill increases to level 3!
You hit the orc. The orc hits you but does no damage.
You hit the orc. You claw the orc. The orc misses you.
You hit the orc.
You kill the orc!
Okawaru accepts your kill.
The orc priest calls down the wrath of Beogh upon you.
Beogh smites you!
You take 8 damage, and have 24/50 hp.
You hit the orc. You claw the orc, but do no damage. The orc barely misses you.
The orc priest looks encouraged for a moment.
You puncture the orc!
You kill the orc!
Okawaru accepts your kill.
The orc priest miscasts a cantrip.
Items here: )) [[ ††† You hit the orc priest but do no damage.
The orc priest barely misses you.
You barely miss the orc priest.
The orc priest begins to cast a cantrip, but forgets the words!
You hit the orc priest but do no damage.
The orc priest closely misses you.
You hit the orc priest but do no damage.
You claw the orc priest. The orc priest barely misses you.
You conjure some foxfire!
You now have 6/19 mp.
You barely miss the orc priest.
The orc priest hits you but does no damage.
You hit the orc priest but do no damage.
Your peck misses the orc priest. The orc priest hits you with a +0 club.
You take 6 damage, and have 20/50 hp.
You hit the orc priest but do no damage.
You claw the orc priest, but do no damage.
The orc priest barely misses you.
You hit the orc priest.
The orc priest calls down the wrath of Beogh upon you.
Beogh smites you!
* * * LOW HITPOINT WARNING * * *
You take 14 damage, and have 6/50 hp.
MASSIVE DAMAGE!!
You barely miss the orc priest.
The orc priest mumbles some strange prayers to Beogh against you.
Pain shoots through your body!
* * * LOW HITPOINT WARNING * * *
You take 3 damage, and have 3/50 hp.
You hit the orc priest but do no damage.
The orc priest hits you with a +0 club.
You die...

.... ##..#....... #..##
##..##..o.... #).####..##
#..[... #.)#...## ......
###)..## #..... ##)..##
#.... ##...# #.## #o###
##@# #v## ##.## ###### #..#
#.....########.##
#.........###>.#
#...........##.##########
#.....>...............#
######....................#


You could see an orc priest.

Vanquished Creatures
  Prince Ribbit (D:7)
  A water moccasin (D:6)
  2 orc warriors (D:8)
  2 ice beasts (D:6)
  A phantom (D:7)
  4 sky beasts
  2 black bears (D:7)
  2 ogres
  An eye of draining (D:8)
  4 bullfrogs
  4 scorpions
  2 killer bees (D:8)
  A crimson imp (D:5)
  6 hounds
  2 orc priests
  4 jellies
  3 orc wizards
  A bullfrog skeleton (D:4)
  An iguana (D:5)
  5 worker ants
  A hound skeleton (D:7)
  A howler monkey skeleton (D:7)
  A worker ant zombie (D:8)
  3 gnolls (D:3)
  9 adders
  A shadow imp (D:5)
  An ooze (D:2)
  A worm (D:2)
  3 dart slugs
  3 leopard geckos
  9 orcs
  7 giant cockroaches
  9 goblins
  10 hobgoblins
  15 jackals
  7 quokkas
  2 ball pythons
  9 bats
  8 frilled lizards
  8 kobolds
  A quokka skeleton (D:7)
  11 rats
169 creatures vanquished.

Vanquished Creatures (others)
  315 foxfires
315 creatures vanquished.

Grand Total: 484 creatures vanquished

Notes
Turn   | Place    | Note
-------+----------+-------------------------------------------
     0 | D:1      | Firecrotchwizard the Tengu Fire Elementalist began the
                  | quest for the Orb.
     0 | D:1      | Reached XP level 1. HP: 10/10 MP: 4/4
    65 | D:1      | Reached skill level 2 in Conjurations
    96 | D:1      | Reached XP level 2. HP: 10/15 MP: 4/6
   628 | D:1      | Reached XP level 3. HP: 19/19 MP: 7/7
   739 | D:1      | Reached skill level 3 in Conjurations
  1168 | D:2      | Reached XP level 4. HP: 23/24 MP: 3/8
  1621 | D:2      | Reached skill level 4 in Conjurations
  1763 | D:2      | Reached skill level 4 in Fire Magic
  2249 | D:3      | Gained mutation: You can fly continuously. [Tengu growth]
  2249 | D:3      | Reached XP level 5. HP: 28/28 MP: 7/10
  2630 | D:3      | Reached skill level 3 in Spellcasting
  2813 | D:3      | Found a hide-covered altar of Uskayaw.
  2830 | D:3      | Found an iron altar of Okawaru.
  2830 | D:3      | Found a hazy altar of Hepliaklqana.
  2830 | D:3      | Found a shadowy altar of Dithmenos.
  2830 | D:3      | Found a shimmering altar of Xom.
  2831 | D:3      | Found a radiant altar of Vehumet.
  2832 | D:3      | Found an ancient bone altar of Kikubaaqudgha.
  2835 | D:3      | Found a bloodstained altar of Trog.
  2841 | D:3      | Learned a level 4 spell: Sticky Flame
  2845 | D:3      | Learned a level 3 spell: Conjure Flame
  2847 | D:3      | Became a worshipper of Warmaster Okawaru
  2877 | D:3      | You are sucked into a shaft and drop 3 floors!
  2930 | D:6      | Noticed a sky beast
  2987 | D:5      | Entered Level 5 of the Dungeon
  3148 | D:4      | Reached skill level 5 in Conjurations
  3303 | D:4      | Reached XP level 6. HP: 22/32 MP: 5/12
  3654 | D:4      | Reached skill level 5 in Fire Magic
  3745 | D:3      | Reached * piety under Okawaru
  4499 | D:5      | Reached skill level 6 in Conjurations
  4499 | D:5      | Reached XP level 7. HP: 31/36 MP: 13/13
  4522 | D:5      | Reached skill level 4 in Spellcasting
  4922 | D:5      | Found a runed translucent door.
  4945 | D:5      | Noticed Plaidstone's ghost (novice TrMo)
  5164 | D:5      | Learned a level 5 spell: Fireball
  5453 | D:5      | Reached skill level 7 in Conjurations
  5453 | D:5      | Reached skill level 6 in Fire Magic
  5738 | D:6      | Reached XP level 8. HP: 30/41 MP: 13/16
  5820 | D:6      | Reached ** piety under Okawaru
  5820 | D:6      | Reached skill level 5 in Spellcasting
  5820 | D:6      | Reached skill level 7 in Fire Magic
  6555 | D:6      | Reached skill level 8 in Conjurations
  6883 | D:7      | Reached skill level 8 in Fire Magic
  6970 | D:7      | Reached XP level 9. HP: 45/45 MP: 9/18
  7089 | D:7      | Noticed Prince Ribbit
  7093 | D:7      | Reached *** piety under Okawaru
  7102 | D:7      | Killed Prince Ribbit
  7102 | D:7      | Reached skill level 6 in Spellcasting
  7164 | D:7      | Found a staircase to the Ecumenical Temple.
  7180 | D:7      | Reached skill level 9 in Fire Magic
  7330 | D:7      | Got a crude scale mail
  7341 | D:7      | Identified the cursed +0 scale mail of Wyon {rN+ Int+4}
                  | (You found it on level 7 of the Dungeon)
  7424 | D:7      | Reached skill level 1 in Fighting
  7517 | D:8      | Reached skill level 3 in Dodging
  7523 | D:8      | Reached skill level 1 in Polearms
  7815 | D:8      | Reached skill level 2 in Fighting
  7847 | D:8      | Reached skill level 2 in Polearms
  8042 | D:8      | Reached skill level 4 in Dodging
  8155 | D:8      | Reached skill level 3 in Fighting
  8172 | D:8      | Reached **** piety under Okawaru
  8172 | D:8      | Reached skill level 3 in Polearms
  8187 | D:8      | HP: 6/50 [orc priest/divine providence (14)]
  8189 | D:8      | Slain by an orc priest

Levels and vault maps discovered:
D:1:      dpeg_chamrin_arrival_tetris, layout_rooms
D:2:      layout_basic
D:3:      layout_loops_ring, nicolae_overflow_hidden_temple, minitemple,
          first_ration, minmay_misc_feat_iff, skrybe_limestone_x,
          due_unseen_surprise
D:4:      layout_basic
D:5:      minmay_evil_eye, layout_gridville, ebering_ghost_sewer_d
D:6:      layout_gridville, minmay_strange_pillars
D:7:      layout_rooms, minmay_temple_entry_statues_fountains,
          uniq_prince_ribbit1
D:8:      layout_cave_pods, grunt_ogre_cave, eino_jars, uniq_psyche,
          uniq_maurice

Skill      XL: |  1  2  3  4  5  6  7  8  9 |
---------------+----------------------------+-----
Conjurations   | 2 3 4 5 6 7 8 |  8.9
Fire Magic     | 4 5 6 8 9 |  9.0
Spellcasting   | 3 4 5 6 |  6.0
Fighting       | 3 |  3.1
Dodging        | 4 |  4.3
Polearms       | 3 |  3.1
Stealth        | |  2.0

Action                   |  1- 3 |  4- 6 |  7- 9 || total
-------------------------+-------+-------+-------++-------
Melee: Short sword       |    60 |       |       ||    60
       Kick              |    13 |    24 |    34 ||    71
       Peck              |     3 |    11 |    15 ||    29
       Dagger            |    23 |    36 |       ||    59
       Spear             |       |    88 |   164 ||   252
 Cast: Foxfire           |    27 |    38 |   119 ||   184
       Sticky Flame      |       |       |     9 ||     9
 Abil: Fly               |       |     1 |       ||     1
  Use: Scroll            |       |     6 |     6 ||    12
 Stab: Sleeping          |     1 |     5 |     3 ||     9
       Distracted        |       |     1 |       ||     1
  Eat: Chunk             |     1 |     9 |     3 ||    13
       Ration            |       |     1 |     2 ||     3
Armor: Robe              |    16 |    24 |    40 ||    80
Dodge: Dodged            |    76 |    66 |   135 ||   277

Table legend:
 A = Non-vault XP
 B = Vault XP
 C = Vault XP percentage of total XP
 D = Non-vault monster count
 E = Vault monster count
 F = Vault count percentage of total count
                 A         B        C        D         E       F
            +---------+---------+-------+---------+---------+-------
      Total |    3795 |     506 |  11.8 |     165 |       4 |   2.4
            +---------+---------+-------+---------+---------+-------
        D:1 |      59 |       0 |   0.0 |      38 |       0 |   0.0
        D:2 |      89 |       0 |   0.0 |      26 |       0 |   0.0
        D:3 |     116 |       0 |   0.0 |      23 |       0 |   0.0
        D:4 |     346 |       0 |   0.0 |       9 |       0 |   0.0
        D:5 |     561 |       0 |   0.0 |      21 |       0 |   0.0
        D:6 |     835 |       0 |   0.0 |      12 |       0 |   0.0
        D:7 |    1030 |     264 |  20.4 |      19 |       1 |   5.0
        D:8 |     759 |     242 |  24.2 |      17 |       3 |  15.0
            +---------+---------+-------+---------+---------+-------

Levels and vault maps discovered:
D:1:      dpeg_chamrin_arrival_tetris, layout_rooms
D:2:      layout_basic
D:3:      layout_loops_ring, nicolae_overflow_hidden_temple, minitemple,
          first_ration, minmay_misc_feat_iff, skrybe_limestone_x,
          due_unseen_surprise
D:4:      layout_basic
D:5:      minmay_evil_eye, layout_gridville, ebering_ghost_sewer_d
D:6:      layout_gridville, minmay_strange_pillars
D:7:      layout_rooms, minmay_temple_entry_statues_fountains,
          uniq_prince_ribbit1
D:8:      layout_cave_pods, grunt_ogre_cave, eino_jars, uniq_psyche,
          uniq_maurice

Table legend:
 A = Turns spent in this place as a percentage of turns spent in the entire game.
 B = Non-inter-level travel turns spent in this place as a percentage of non-inter-level travel turns spent in the entire game.
 C = Inter-level travel turns spent in this place as a percentage of turns spent in this place.
 D = Turns resting spent in this place as a percentage of non-inter-level travel turns spent in this place.
 E = Turns spent auto-exploring this place as a percentage of non-inter-level travel turns spent in this place.
 F = Non-inter-level travel turns spent in this place divided by the number of levels of this place that you've seen.
                   A       B       C       D       E      F
               +-------+-------+-------+-------+-------+----------------------
         Total | 100.0 | 100.0 |   2.9 |  37.0 |  47.3 | 994.4
       Dungeon | 100.0 | 100.0 |   2.9 |  37.0 |  47.3 | 994.4
               +-------+-------+-------+-------+-------+----------------------

Table legend:
 A = Kills in this place as a percentage of kills in entire the game.
 B = Kills by you in this place as a percentage of kills by you in the entire game.
 C = Kills by friends in this place as a percentage of kills by friends in the entire game.
 D = Other kills in this place as a percentage of other kills in the entire game.
 E = Experience gained in this place as a percentage of experience gained in the entire game.
 F = Experience gained in this place divided by the number of levels of this place that you have seen.
                   A       B       C       D       E      F
               +-------+-------+-------+-------+-------+----------------------
         Total | 100.0 | 100.0 |   N/A |   N/A | 100.0 | 537.6
       Dungeon | 100.0 | 100.0 |   N/A |   N/A | 100.0 | 537.6
               +-------+-------+-------+-------+-------+----------------------
